 Dungeon Crawl Stone Soup version 0.30.1-1-g62c8e00024 (webtiles) character file.

Game seed: 17608189102586630237

114 Heoruswealwe the Conjurer (level 4, -3/24 HPs)
             Began as a Deep Elf Conjurer on July 17, 2023.
             Killed by divine providence
             ... invoked by an orc priest
              (14 damage)
             ... on level 3 of the Dungeon.
             The game lasted 00:18:34 (1947 turns).

Heoruswealwe the Conjurer (Deep Elf Conjurer)       Turns: 1947, Time: 00:18:35

Health: -3/24      AC:  4    Str:  4    XL:     4   Next: 66%
Magic:  6/13       EV: 12    Int: 25    God:
Gold:   168        SH:  0    Dex: 13    Spells: 3/13 levels left

rFire   . . .        (no weapon)
rCold   . . .        (no shield)
rNeg    . . .        c - +0 robe
rPois   .            g - +0 helmet
rElec   .            h - +0 cloak
rCorr   .            (no gloves)
SInv    .            (no boots)
Will    .....        (no amulet)
Stlth   ++           (no ring)
HPRegen 0.24/turn    (no ring)
MPRegen 0.13/turn

%: no passive effects
@: no status effects
A: no striking features
a: no special abilities


You were on level 3 of the Dungeon.
You visited 1 branch of the dungeon, and saw 3 of its levels.

You collected 168 gold pieces.

Inventory:

Armour
 c - a +0 robe (worn)
 g - a +0 helmet (worn)
 h - a +0 cloak (worn)
 o - a +0 robe
Scrolls
 a - a scroll of amnesia {unknown}
 e - 2 scrolls of teleportation {unknown}
 i - 3 scrolls of identify {unknown}
 k - a scroll of enchant weapon {unknown}
 m - a scroll of vulnerability {unknown}
 n - a scroll of immolation {unknown}
Potions
 b - a potion of magic
 d - 2 potions of berserk rage {unknown}
 f - a potion of haste {unknown}
 j - a potion of resistance {unknown}
 l - a potion of curing {unknown}


   Skills:
 - Level 2.4 Dodging
 - Level 2.4 Stealth
 + Level 5.2 Spellcasting
 + Level 5.6 Conjurations


You had 3 spell levels left.
You knew the following spells:

 Your Spells              Type           Power      Damage    Failure   Level
a - Magic Dart            Conj           100%       1d8       1%          1
b - Searing Ray           Conj           68%        2d6       1%          2
c - Dazzling Flash        Conj/Hex       40%        N/A       8%          3
d - Iskenderun's Mystic   Conj/Tloc      20%        2d6       26%         4

Your spell library contained the following spells:

 Spells                   Type           Power      Damage    Failure   Level
 Lesser Beckoning         Tloc           12%        N/A       12%         2
 Gell's Gravitas          Tloc           6%         N/A       24%         3
 Teleport Other           Tloc           6%         N/A       24%         3
 Fulminant Prism          Conj/Hex       10%        3d9       26%         4


Dungeon Overview and Level Annotations

Branches:
Dungeon (3/15)

Altars:
Yredelemnul


Message History

This spell is astonishingly dangerous to cast!
Memorise Iskenderun's Mystic Blast, consuming 4 spell levels and leaving 2?
You start memorising the spell.
You continue memorising. x4
You finish memorising.
Spell assigned to 'd'.
Things that are here:
a +0 falchion; a +0 scale mail A bat comes into view.
The magic dart hits the bat.
The bat is heavily wounded.
The magic dart hits the bat.
You kill the bat!
You open the door.
An orc and 2 orc priests come into view.
The orc priest shouts! x2; The orc shouts!
Casting: Magic Dart (safe; 1% risk of failure)
Confirm with . or Enter, or press ? or * to list all spells.
Aiming: Searing Ray (safe; 1% risk of failure)
Press: ? - help, Shift-Dir - straight line, f - orc priest
Aim: an orc priest, wielding a +0 club (81% to hit)
The searing ray hits the orc priest!
The orc priest is severely wounded.
The searing ray hits the orc priest.
The orc priest is moderately wounded.
The searing ray hits the orc!
You kill the orc! (Press . to maintain the ray.)
The orc priest mumbles some strange prayers to Beogh against you.
Beogh smites you!
Ouch! That really hurt!
The searing ray hits the orc priest!
You kill the orc priest!
The searing ray hits the orc priest.
The orc priest is heavily wounded.
Your Spellcasting skill increases to level 5!
The searing ray hits the orc priest.
The orc priest is almost dead.
The orc priest calls down the wrath of Beogh upon you.
Beogh smites you!
Ouch! That really hurt!
You die...

### #.## #... #.## ##.##
### #....
###...####################
.....)'o.@..............#
###...#################.#
#.. #.# #. #.# # #.# #.#
#.# #########.#
#######.........#


You could see an orc priest.

Vanquished Creatures
  An orc priest (D:3)
  Terence (D:3)
  2 worms
  A dart slug (D:3)
  An orc (D:3)
  7 ball pythons
  4 endoplasms (D:1)
  A giant cockroach (D:3)
  4 hobgoblins
  3 kobolds
  2 quokkas (D:1)
  4 bats
  4 frilled lizards (D:2)
  7 goblins
  7 rats
49 creatures vanquished.

Notes
Turn   | Place    | Note
-------+----------+-------------------------------------------
     0 | D:1      | Heoruswealwe the Deep Elf Conjurer began the quest for the
                  | Orb.
     0 | D:1      | Reached XP level 1. HP: 10/10 MP: 6/6
   155 | D:1      | Reached XP level 2. HP: 15/15 MP: 4/8
   158 | D:1      | Learned a level 2 spell: Searing Ray
   626 | D:1      | Found a faded altar of an unknown god.
   734 | D:2      | Reached XP level 3. HP: 19/19 MP: 4/10
   735 | D:2      | Reached skill level 5 in Conjurations
   742 | D:2      | Learned a level 3 spell: Dazzling Flash
  1101 | D:2      | Identified the scarf "Faejulak" {harm, Str+3 Int+3}
  1568 | D:3      | Found a basalt altar of Yredelemnul.
  1856 | D:3      | Noticed Terence
  1865 | D:3      | Killed Terence
  1866 | D:3      | Reached XP level 4. HP: 16/24 MP: 2/12
  1871 | D:3      | Learned a level 4 spell: Iskenderun's Mystic Blast
  1947 | D:3      | Reached skill level 5 in Spellcasting
  1947 | D:3      | Killed from afar by an orc priest

Illustrated notes

Levels and vault maps discovered:
D:1:      saegor_arrival_simple_b, layout_basic,
          shapermc_ecumenical_altar_mp_urbaneastern, serial_glass,
          glass_columns_c, glass_columns_a, minmay_large_rounded_square
D:2:      layout_loops_ring
D:3:      layout_basic, lemuel_round_altar, nicolae_overflow_ecumenical_swirl,
          serial_park_tiny_2, solitary_fountain, nicolae_elevator_lobby_plus,
          uniq_terence

Skill      XL: |  1  2  3  4 |
---------------+-------------+-----
Spellcasting   | 4 5 |  5.2
Conjurations   | 5 |  5.6
Dodging        | |  2.4
Stealth        | |  2.4

Action                     |  1- 3 |  4- 6 || total
---------------------------+-------+-------++-------
  Melee: Unarmed           |    29 |       ||    29
         Punch             |     1 |       ||     1
   Cast: Magic Dart        |    86 |     2 ||    88
         Searing Ray       |     2 |     1 ||     3
 Armour: Robe              |     2 |       ||     2
  Dodge: Dodged            |     3 |       ||     3
